 Dungeon Crawl Stone Soup version 0.27-a0-836-gfc908b8576 (webtiles) character file.

Game seed: 16810223950705857154

401 Lanoc the Chiller (level 6, -4/41 HPs)
             Began as a Mummy Ice Elementalist on Apr 2, 2021.
             Killed from afar by Sigmund (7 damage)
             ... with a magic dart
             ... on level 4 of the Dungeon.
             The game lasted 00:06:29 (4881 turns).

Lanoc the Chiller (Mummy Ice Elementalist)          Turns: 4881, Time: 00:06:30

Health: -4/41      AC:  2    Str: 18    XL:     6   Next: 54%
Magic:  7/10       EV: 13    Int: 16    God:
Gold:   285        SH:  0    Dex: 12    Spells: 6/10 levels left

rFire    x . .     SeeInvis .   (no weapon)
rCold    + . .     Faith    .   (no shield)
rNeg     + + +     Spirit   .   a - +0 robe
rPois    ∞         Reflect  .   (no helmet)
rElec    .         Harm     .   (no cloak)
rCorr    .         Rampage  .   (no gloves)
Will     .....                  (no boots)
Stlth    ++........             (no amulet)
HPRegen  0.13/turn              d - +6 ring of strength
MPRegen  0.12/turn              (no ring)

@: frozen ramparts
A: cold resistance 1, negative energy resistance 3, torment resistance 2,
unbreathing 1, heat vulnerability 1, no potions
a: no special abilities


You were on level 4 of the Dungeon.
You visited 1 branch of the dungeon, and saw 4 of its levels.
You also visited: Sewer.

You collected 285 gold pieces.

Inventory:

Armour
 a - a +0 robe (worn)
 b - a +0 kite shield
Jewellery
 d - a +6 ring of strength (left hand)
Scrolls
 c - a scroll of magic mapping {unknown}
 e - 2 scrolls of identify {unknown}


   Skills:
 + Level 3.5 Dodging
 - Level 1.5 Stealth
 - Level 2.6 Spellcasting
 * Level 5.7 Ice Magic


You had 6 spell levels left.
You knew the following spells:

 Your Spells              Type           Power      Damage    Failure   Level
a - Freeze                Ice            80%        1d9       1%          1
b - Frozen Ramparts       Ice            40%        1d6       5%          3

Your spell library contained the following spells:

 Spells                   Type           Power      Damage    Failure   Level
 Ozocubu's Armour         Ice            20%        N/A       5%          3
 Animate Skeleton         Necr           4%         N/A       19%         1
 Apportation              Tloc           4%         N/A       19%         1
 Corona                   Hex            2%         N/A       19%         1
 Summon Small Mammal      Summ           8%         N/A       19%         1
 Hailstorm                Conj/Ice       11%        3d5       52%         4
 Summon Ice Beast         Ice/Summ       11%        N/A       52%         4


Dungeon Overview and Level Annotations

Branches:
Dungeon (4/15)              Sewer (visited)
 Temple: D:4-7

Altars:

Annotations:
D:4 Sigmund


Innate Abilities, Weirdness & Mutations

You are immune to poison.
Your flesh is cold resistant. (rC+)
You are immune to negative energy. (rN+++)
You are immune to unholy pain and torment.
You can survive without breathing.
You are vulnerable to heat. (rF-)
You do not drink.


Message History

The wall freezes the hound.
The hound barely misses you.
The wall freezes Sigmund.
Sigmund casts a spell at you.
You easily resist.
The wall freezes the hound.
The hound bites you.
You barely miss the hound.
The hound is moderately wounded.
The wall freezes the hound.
The hound bites you.
The wall freezes Sigmund.
Sigmund casts a spell at himself.
Sigmund flickers and vanishes!
Deactivating autopickup; reactivate with Ctrl-A.
The wall freezes the hound.
The hound bites you.
You closely miss the hound.
The hound is severely wounded.
The hobgoblin shouts!
The wall freezes something.
Something hits you!
The wall freezes the hound.
The hound bites you.
You closely miss the hound.
The hound is severely wounded.
The wall freezes the hound.
The hound bites you.
* * * LOW HITPOINT WARNING * * *
The wall freezes something.
Something barely misses you.
The wall freezes the hound but does no damage.
The hound bites you but does no damage.
You can't drink.
You barely miss the hound.
The hound is severely wounded.
The wall freezes something.
Something hits you!
* * * LOW HITPOINT WARNING * * *
The wall freezes the hound.
The hound bites you but does no damage.
Casting: Frozen Ramparts (dangerous; 5% risk of failure)
Confirm with . or Enter, or press ? or * to list all spells.
Aiming: Freeze (safe; 1% risk of failure)
Press: ? - help, Shift-Dir - straight line, f - hound
Aim: a hound (almost dead)
You freeze the hound!
You kill the hound!
The wall freezes the hobgoblin.
The wall freezes something.
A magic dart appears from out of thin air!
The magic dart hits you!
You die...

...............#
...............## .#
#...............###
..#
###................
....
...............##.
#...
...(.#....######.....#
........#.####...#..#
...............#.g..#
...............#@#
.............@.#.#
...............#{#
.........?.......#
............†..###
##.>#..........#
#....###..#.###
#...........#
#............#


You could see a hobgoblin.

Vanquished Creatures
  Purgy (Sewer)
  An ogre (D:4)
  2 hounds (D:4)
  An orc wizard (D:3)
  Robin (D:2)
  3 adders
  2 river rats (D:3)
  A worm (D:2)
  3 dart slugs (D:1)
  9 orcs (D:3)
  4 endoplasms
  5 giant cockroaches
  7 goblins
  8 hobgoblins
  5 jackals
  5 quokkas
  7 ball pythons
  14 bats
  2 frilled lizards (D:2)
  7 kobolds
  8 rats
96 creatures vanquished.

Notes
Turn   | Place    | Note
-------+----------+-------------------------------------------
     0 | D:1      | Lanoc the Mummy Ice Elementalist began the quest for the
                  | Orb.
     0 | D:1      | Reached XP level 1. HP: 13/13 MP: 4/4
   318 | D:1      | Reached XP level 2. HP: 19/19 MP: 3/5
  1080 | D:1      | Reached XP level 3. HP: 22/24 MP: 2/7
  1084 | D:1      | Learned a level 3 spell: Frozen Ramparts
  1468 | D:1      | Reached skill level 4 in Ice Magic
  2472 | D:2      | Noticed Robin
  2478 | D:2      | Reached XP level 4. HP: 19/30 MP: 4/8
  2481 | D:2      | Killed Robin
  3255 | D:3      | Found a glowing drain.
  3299 | Sewer    | Entered a sewer
  3380 | Sewer    | Noticed Purgy
  3391 | Sewer    | Killed Purgy
  3392 | Sewer    | Reached skill level 5 in Ice Magic
  3392 | Sewer    | Reached XP level 5. HP: 21/35 MP: 0/9
  4112 | D:3      | Reached XP level 6. HP: 41/41 MP: 6/10
  4865 | D:4      | Noticed Sigmund
  4880 | D:4      | HP: 2/41 [something (10)]
  4881 | D:4      | Killed from afar by Sigmund

Illustrated notes

Levels and vault maps discovered:
D:1:      kilobyte_arrival_exit_the_forest, layout_basic
D:2:      layout_basic, uniq_robin
D:3:      layout_basic, portal_sewer_entry_b
D:4:      layout_rooms, uniq_sigmund

Skill      XL: |  1  2  3  4 |
---------------+-------------+-----
Dodging        | 2 3 |  3.5
Ice Magic      | 4 5 |  5.7
Stealth        | |  1.5
Spellcasting   | |  2.6

Action                   |  1- 3 |  4- 6 || total
-------------------------+-------+-------++-------
Melee: Unarmed           |    37 |    31 ||    68
 Cast: Freeze            |    61 |    45 ||   106
       Frozen Ramparts   |     6 |    11 ||    17
  Use: Scroll            |       |     4 ||     4
 Stab: Sleeping          |     1 |       ||     1
Armor: Robe              |    14 |    21 ||    35
Dodge: Dodged            |    60 |    54 ||   114

Table legend: (Time is in decaauts)
 A = Elapsed time spent in this place.
 B = Non-inter-level travel time spent in this place.
 C = Inter-level travel time spent in this place.
 D = Time resting spent in this place.
 E = Time spent auto-exploring this place.
 F = Levels seen in this place.
 G = Mean time per level.
                   A        B        C        D        E       F      G
               +--------+--------+--------+--------+--------+-----+--------+
         Total |   4890 |   4834 |     56 |     89 |   4169 |   5 |  978.0 |
       Dungeon |   4641 |   4585 |     56 |     35 |   4016 |   4 | 1160.2 |
         Sewer |    249 |    249 |      0 |     54 |    153 |   1 |  249.0 |
               +--------+--------+--------+--------+--------+-----+--------+

Top non-repeatable levels by time:
     D:1: 1927 daAuts
     D:3: 1337 daAuts
     D:2: 1082 daAuts
     D:4: 293 daAuts
   Sewer: 249 daAuts
